 Dungeon Crawl Stone Soup version 0.21.1-1-g345015fe64 (webtiles) character file.

7619 ImError the Spear-Bearer (level 11, -1/95 HPs)
             Began as a Merfolk Gladiator on Apr 24, 2018.
             Was a Priest of Nemelex Xobeh.
             Slain by a seven-headed hydra (11 damage)
             ... on level 10 of the Dungeon on Apr 25, 2018.
             The game lasted 01:44:06 (11378 turns).

ImError the Spear-Bearer (Merfolk Gladiator)       Turns: 11378, Time: 01:44:08

Health: -1/95      AC:  8    Str: 16    XL:     11   Next: 18%
Magic:  0/17       EV: 21    Int:  7    God:    Nemelex Xobeh [***...]
Gold:   470        SH:  0    Dex: 18    Spells: 9/10 levels left

rFire    + . .     SeeInvis +   E - +1 halberd (holy)
rCold    x . .     Gourm    .   (shield currently unavailable)
rNeg     . . .     Faith    .   r - +1 ring mail "Noik" {MR+ SInv Stlth-}
rPois    .         Spirit   +   c - +0 helmet
rElec    .         Reflect  .   (no cloak)
rCorr    .         Harm     .   D - +0 pair of gloves
MR       +....                  (no boots)
Stlth    ..........             n - amulet of guardian spirit
HPRegen  0.25/turn              I - ring of fire
MPRegen  0.15/turn              u - +2 ring of evasion

@: about to teleport
A: change form in water, swift swim, stealthy swim
a: Triple Draw, Renounce Religion


You were on level 10 of the Dungeon.
You worshipped Nemelex Xobeh.
Nemelex Xobeh was most pleased with you.
You were not hungry.

You visited 2 branches of the dungeon, and saw 12 of its levels.
You also visited: Ossuary.

You collected 470 gold pieces.

Inventory:

Hand Weapons
 a - a +0 trident
 E - a +1 halberd of holy wrath (weapon)
Missiles
 d - 3 throwing nets (quivered)
 k - 233 stones
 t - 4 steel tomahawks
 W - 4 tomahawks
Armour
 b - a +0 leather armour
 c - a +0 helmet (worn)
 r - the +1 ring mail "Noik" (worn) {MR+ SInv Stlth-}
   (You found it on level 4 of the Dungeon)

   It affects your resistance to hostile enchantments.
   It lets you see invisible.
   It makes you less stealthy.
 D - a +0 pair of gloves (worn)
 Q - a +0 robe
 Z - a +2 animal skin
Magical Staves
 G - a cursed staff of conjuration {unknown}
Jewellery
 m - an uncursed amulet of magic regeneration
 n - an amulet of guardian spirit (around neck)
 q - an uncursed ring of positive energy
 u - a +2 ring of evasion (right hand)
 I - a ring of fire (left hand)
 S - an uncursed ring of fire
Wands
 h - a wand of paralysis (26)
 o - a wand of enslavement (15)
 M - a wand of clouds (2)
Scrolls
 g - 6 scrolls of remove curse
 i - a scroll of teleportation
 y - 4 scrolls of fog
 A - 2 scrolls of blinking {unknown}
 C - a scroll of immolation
 F - 2 scrolls of magic mapping {unknown}
 J - 2 scrolls of enchant weapon {unknown}
 N - a scroll of amnesia {unknown}
 O - 5 scrolls of enchant armour {unknown}
 R - a scroll of fear {unknown}
 V - 3 scrolls of identify
Potions
 e - 2 potions of resistance
 j - 4 potions of magic
 p - a potion of mutation
 s - 2 potions of heal wounds
 v - 3 potions of ambrosia
 w - 4 potions of curing
 x - a potion of agility
 z - 6 potions of haste
 H - 11 potions of degeneration
 T - a potion of invisibility {unknown}
 Y - a potion of might {unknown}
Books
 K - a book of Necromancy

   Spells                             Type                      Level
   a - Pain                           Necromancy                   1
   b - Animate Skeleton               Necromancy                   1
   c - Vampiric Draining              Necromancy                   3
   d - Regeneration                   Charms/Necromancy            3
   e - Animate Dead                   Necromancy                   4
   f - Borgnjor's Vile Clutch         Necromancy/Earth             5
 L - a book of Battle

   Spells                             Type                      Level
   a - Infusion                       Charms                       1
   b - Shroud of Golubria             Charms/Translocation         2
   c - Song of Slaying                Charms                       2
   d - Spectral Weapon                Hexes/Charms                 3
   e - Regeneration                   Charms/Necromancy            3
 P - a book of Conjurations

   Spells                             Type                      Level
   a - Magic Dart                     Conjuration                  1
   b - Searing Ray                    Conjuration                  2
   c - Dazzling Spray                 Conjuration/Hexes            3
   d - Fulminant Prism                Conjuration/Hexes            4
   e - Force Lance                    Conjuration/Translocation    4
   f - Iskenderun's Mystic Blast      Conjuration                  4
Miscellaneous
 l - a legendary deck of escape
 B - a plain deck of escape {drawn: 1}
 U - a plain deck of destruction {drawn: 1}
Comestibles
 f - 14 rations
 X - 5 chunks of flesh


   Skills:
 + Level 11.7 Fighting
 + Level 12.0 Polearms
 - Level 2.0 Throwing
 + Level 11.1 Dodging
 + Level 9.1 Invocations


You had 9 spell levels left.
You knew the following spells:

 Your Spells              Type           Power        Failure   Level  Hunger
a - Infusion              Chrm           #...         65%         1    ##.....


Dungeon Overview and Level Annotations

Branches:
Dungeon (11/15)            Temple (0/1) D:5            Lair (1/6) D:10
    Orc (0/2) D:10

Altars:
Dithmenos
Elyvilon
Fedhas
Gozag
Hepliaklqana
Kikubaaqudgha
Nemelex Xobeh
Okawaru
Ru
Trog
Uskayaw
Vehumet
Wu Jian
Yredelemnul
Zin
The Shining One

Shops:
D:4 (

Annotations:
D:3 Thargor's ghost, amateur MiFi
D:4 2 transporters


Message History

The seven-headed hydra bites you! x2
* * * LOW HITPOINT WARNING * * *
As you read the scroll of teleportation, it crumbles to dust.
You feel strangely unstable.
The seven-headed hydra barely misses you. x2
The seven-headed hydra bites you!
* * * LOW HITPOINT WARNING * * *
The seven-headed hydra bites you but does no damage.
The seven-headed hydra bites you!
* * * LOW HITPOINT WARNING * * *
The seven-headed hydra bites you but does no damage.
The seven-headed hydra closely misses you.
You feel much better. The seven-headed hydra bites you!
* * * LOW HITPOINT WARNING * * *
The seven-headed hydra completely misses you.
The seven-headed hydra bites you.
* * * LOW HITPOINT WARNING * * *
The seven-headed hydra bites you!
You die...
Your body glows slightly and disappears.

.## #....# .#
####....#
.#########.......#
.........<..#....#
########[####....#
####..####....#
##....###.#....#
#..#### #.####D#
###.## #.# #@#
>...# #.# ###
.####
#.############# .#
#......##.....##
##
##....>.........##
#................#
#................#
#............._..#
#................#


You could see a seven-headed hydra.

Vanquished Creatures
  4 gargoyles (D:8)
  A wyvern (D:10)
  4 yaks (D:9)
  The ghost of Delanovic the Twirler, an amateur MiGl (D:4)
  5 orc warriors
  An ice beast (D:10)
  A swamp drake (D:10)
  2 black bears
  2 sky beasts
  6 centaurs
  7 ogres
  A crocodile (D:8)
  A big kobold (D:7)
  6 bullfrogs
  8 scorpions (Ossuary)
  8 killer bees
  4 crimson imps
  A centaur zombie (Ossuary)
  A jelly (D:9)
  A quasit (D:8)
  3 hounds (D:9)
  2 bullfrog skeletons
  A bullfrog zombie (D:8)
  6 orc priests
  5 iguanas
  10 orc wizards
  4 worker ants
  A killer bee zombie (D:7)
  3 big kobold zombies (Ossuary)
  A hound zombie (D:5)
  A hound skeleton (D:2)
  2 mummies (Ossuary)
  A worker ant zombie (D:6)
  A howler monkey skeleton (D:7)
  13 adders
  2 scorpion zombies (Ossuary)
  A shadow imp (D:10)
  An adder skeleton (D:4)
  An adder zombie (D:7)
  2 dart slugs (D:1)
  3 worms
  5 leopard geckos
  46 orcs
  2 ball pythons
  7 bats
  A giant cockroach (D:2)
  6 goblins
  8 hobgoblins
  8 jackals
  13 kobolds
  5 quokkas
  7 frilled lizards
  3 gnoll zombies (Ossuary)
  5 goblin zombies (Ossuary)
  A hobgoblin zombie (Ossuary)
  3 kobold zombies (Ossuary)
  An orc zombie (Ossuary)
  3 rats
  A butterfly (D:5)
254 creatures vanquished.

Vanquished Creatures (collateral kills)
  A two-headed ogre (D:8)
  A cyclops (D:10)
2 creatures vanquished.

Vanquished Creatures (others)
  A mummy (Ossuary)
  A goblin zombie (Ossuary)
  A kobold zombie (Ossuary)
3 creatures vanquished.

Grand Total: 259 creatures vanquished

Notes
Turn   | Place    | Note
-------+----------+-------------------------------------------
     0 | D:1      | ImError the Merfolk Gladiator began the quest for the Orb.
     0 | D:1      | Reached XP level 1. HP: 16/16 MP: 1/1
   106 | D:1      | Reached XP level 2. HP: 24/24 MP: 2/2
   465 | D:2      | Reached XP level 3. HP: 30/30 MP: 3/3
   520 | D:2      | Found a hazy altar of Hepliaklqana.
  1303 | D:2      | Reached XP level 4. HP: 38/38 MP: 4/4
  1700 | D:3      | Noticed Thargor's ghost (amateur MiFi)
  1709 | D:3      | Reached skill level 5 in Fighting
  1980 | D:3      | Reached skill level 10 in Fighting
  1980 | D:3      | Reached skill level 9 in Polearms
  1980 | D:3      | Reached XP level 5. HP: 52/53 MP: 5/5
  2493 | D:3      | Found an ancient bone altar of Kikubaaqudgha.
  2494 | D:3      | Reached XP level 6. HP: 60/60 MP: 6/6
  2839 | D:3      | Found a sparkling altar of Nemelex Xobeh.
  2961 | D:3      | Found an opulent altar of Gozag.
  3256 | D:3      | Became a worshipper of Nemelex Xobeh the Trickster
  3412 | D:4      | Noticed Delanovic's ghost (amateur MiGl)
  3453 | D:4      | Killed Delanovic's ghost
  3453 | D:4      | Reached XP level 7. HP: 32/66 MP: 3/8
  3589 | D:4      | Received a gift from Nemelex Xobeh
  3617 | D:4      | Found Jidixebi's Antique Weapon Shop.
  3624 | D:4      | Got a faintly humming ring mail
  3752 | D:4      | Found a transporter.
  3772 | D:4      | Found a transporter.
  3806 | D:4      | Found a radiant altar of Vehumet.
  4317 | D:5      | Entered Level 5 of the Dungeon
  4317 | D:5      | Found a sand-covered staircase.
  4323 | Ossuary  | Entered an ossuary
  4348 | Ossuary  | Reached * piety under Nemelex Xobeh
  5119 | Ossuary  | Reached XP level 8. HP: 68/72 MP: 11/11
  5189 | Ossuary  | Reached skill level 5 in Invocations
  5669 | D:5      | Found an ornate altar of the Wu Jian Council.
  5715 | D:5      | Found a blossoming altar of Fedhas.
  5715 | D:5      | Found a basalt altar of Yredelemnul.
  5740 | D:5      | Found a staircase to the Ecumenical Temple.
  5933 | D:5      | Found a bloodstained altar of Trog.
  6153 | D:6      | Noticed a dagger
  6154 | D:6      | Found a hide-covered altar of Uskayaw.
  6155 | D:6      | Noticed a hand axe
  6173 | D:6      | Found an iron altar of Okawaru.
  6316 | D:6      | Identified the +1 ring mail "Noik" {MR+ SInv Stlth-} (You found it on level 4 of the Dungeon)
  6674 | D:6      | Reached ** piety under Nemelex Xobeh
  6811 | D:6      | Received a gift from Nemelex Xobeh
  7059 | D:6      | Found a glowing silver altar of Zin.
  7480 | D:7      | Reached XP level 9. HP: 70/79 MP: 14/14
  7638 | D:7      | Found a glowing golden altar of the Shining One.
  7855 | D:7      | Received a gift from Nemelex Xobeh
  7875 | D:7      | You fall through a shaft for 2 floors!
  8001 | D:8      | Reached *** piety under Nemelex Xobeh
  8066 | D:8      | Reached skill level 10 in Polearms
  8555 | D:7      | Learned a level 1 spell: Infusion
  8773 | D:8      | Noticed a two-headed ogre
  8781 | D:8      | Killed a two-headed ogre
  8781 | D:8      | Reached XP level 10. HP: 86/86 MP: 15/15
  8834 | D:8      | Noticed a gargoyle
  8857 | D:8      | Killed a gargoyle
  8869 | D:8      | Noticed a gargoyle
  9030 | D:8      | Killed a gargoyle
  9030 | D:8      | Reached skill level 10 in Dodging
  9042 | D:8      | Noticed a gargoyle
  9048 | D:8      | Killed a gargoyle
  9048 | D:8      | Reached skill level 11 in Polearms
  9057 | D:8      | Noticed a gargoyle
  9069 | D:8      | Killed a gargoyle
  9554 | D:9      | Found a white marble altar of Elyvilon.
 10315 | D:9      | Found a shadowy altar of Dithmenos.
 10458 | D:9      | Received a gift from Nemelex Xobeh
 10500 | D:10     | Entered Level 10 of the Dungeon
 10532 | D:10     | Found a sacrificial altar of Ru.
 10701 | D:10     | Reached XP level 11. HP: 94/94 MP: 17/17
 10829 | D:10     | Found a staircase to the Lair.
 11110 | D:10     | Noticed a cyclops
 11140 | D:10     | Killed a cyclops
 11140 | D:10     | Reached skill level 12 in Polearms
 11187 | D:10     | Found a staircase to the Orcish Mines.
 11298 | D:11     | Noticed a manticore
 11371 | Lair:1   | Entered Level 1 of the Lair of Beasts
 11371 | Lair:1   | Noticed a five-headed hydra
 11378 | D:10     | Slain by a seven-headed hydra

Skill      XL: |  1  2  3  4  5  6  7  8  9 10 11 |
---------------+----------------------------------+-----
Fighting       | 3 4 10 11 | 11.7
Polearms       | 9 10 11 12 | 12.0
Dodging        | 8 9 10 11 | 11.1
Invocations    | 2 4 6 7 8 9 |  9.1
Throwing       | |  2.0

Action                   |  1- 3 |  4- 6 |  7- 9 | 10-12 || total
-------------------------+-------+-------+-------+-------++-------
Melee: Trident           |   104 |   205 |   348 |       ||   657
       Halberd           |       |       |   199 |   313 ||   512
Evoke: Deck              |       |       |     1 |     5 ||     6
       Wand              |       |       |     1 |       ||     1
  Use: Scroll            |     4 |     1 |     9 |     1 ||    15
       Potion            |       |     2 |     2 |     1 ||     5
 Stab: Sleeping          |       |     1 |     2 |       ||     3
       Confused          |       |       |       |     1 ||     1
  Eat: Chunk             |     1 |     4 |    14 |     9 ||    28
       Ration            |       |     1 |     1 |       ||     2
Armor: Leather armour    |     6 |    20 |    31 |       ||    57
       Robe              |     2 |       |       |       ||     2
       Ring mail         |       |       |    55 |    44 ||    99
Dodge: Dodged            |    71 |   110 |   371 |   218 ||   770
